 Dungeon Crawl Stone Soup version 0.31.0-32-g396128a36d (webtiles) character file.

Game seed: 6498612035772424995

492 Gabide the Caller (level 6, 0/51 HPs)
             Began as a Demigod Summoner on Mar 12, 2024.
             Succumbed to a scorpion's poison
             ... on level 5 of the Dungeon.
             The game lasted 00:09:37 (4477 turns).

Gabide the Caller (Demigod Summoner)                Turns: 4477, Time: 00:09:38

Health: 0/51       AC:  4    Str:  6 (9)  XL:     6   Next: 60%
Magic:  13/13      EV: 12    Int: 23 (25) God:
Gold:   208        SH:  0    Dex: 11 (14) Spells: 5/11 levels left

rFire   + . .        a - +0 spear
rCold   + . .        (no shield)
rNeg    . . .        e - +0 robe
rPois   +            (no helmet)
rElec   +            f - +0 cloak
rCorr   +            l - +0 pair of gloves
SInv    .            (no boots)
Will    .....        (no amulet)
Stlth   ++           (no ring)
HPRegen 0.28/turn    (no ring)
MPRegen 0.13/turn

%: no passive effects
@: lethally poisoned (0 -> -1), resistant, unable to call your familiar,
invisible
A: high MP 1, forlorn, divine attributes
a: no special abilities


You were on level 5 of the Dungeon.
You visited 1 branch of the dungeon, and saw 5 of its levels.

You collected 208 gold pieces.

Inventory:

Hand Weapons
 a - a +0 spear (weapon)
 b - a +0 short sword
Armour
 e - a +0 robe (worn)
 f - a +0 cloak (worn)
 l - a +0 pair of gloves (worn)
Jewellery
 j - a ring of ice
Potions
 c - a potion of attraction
 i - a potion of degeneration


   Skills:
 - Level 3.0 Fighting
 - Level 3.0 Dodging
 - Level 3.0 Stealth
 - Level 3.0 Spellcasting
 + Level 5.3 Summonings


You had 5 spell levels left.
You knew the following spells:

 Your Spells              Type           Power      Damage    Failure   Level
a - Summon Small Mammal   Summ           100%       N/A       1%          1
b - Call Imp              Summ           54%        N/A       1%          2
c - Call Canine Familiar  Summ           27%        N/A       4%          3

Your spell library contained the following spells:

 Spells                   Type           Power      Damage    Failure   Level
 Jinxbite                 Hex            6%         N/A       17%         2
 Sublimation of Blood     Necr           3%         N/A       17%         2
 Summon Blazeheart Golem  Fire/Summ      15%        N/A       36%         4
 Summon Lightning Spire   Summ/Air       15%        N/A       36%         4
 Petrify                  Alch/Erth      3%         N/A       75%         4
 Irradiate                Conj/Alch      1%         3d12      97%         5
 Yara's Violent Unravell  Hex/Alch       1%         3d3       97%         5
 Enfeeble                 Hex            1%         N/A       100%        7


Dungeon Overview and Level Annotations

Branches:
Dungeon (5/15)
 Temple: D:4-7


Innate Abilities, Weirdness & Mutations

You have an increased reservoir of magic. (+10% MP)
You shall have no god before yourself.
Your divine heritage dramatically boosts your attributes as you level up.


Message History

The hornet stings your cerulean imp!
Your cerulean imp dies!
Your cerulean imp disappears in a puff of smoke!
Your inugami hits the scorpion.
You are lethally poisoned (6 -> 0).
You are invisible.
Your inugami has been summoned.
Your movement speed is average.
Your attack delay is about 1.1.
Your damage rating with your +0 spear is about 5 (Base 6 x 90% (Str) x 105% (Skill)).
Your base attributes are Str 9, Int 25, Dex 14.
You feel protected.
* * * LOW HITPOINT WARNING * * *
You feel sick. Something closely misses your inugami.
The scorpion stings your inugami but does no damage.
The hornet closely misses you.
Your inugami hits the scorpion.
Casting: Call Imp (safe; 1% risk of failure)
Confirm with . or Enter, or press ? or * to list all spells.
A tiny devil pulls itself out of the air.
* * * LOW HITPOINT WARNING * * *
You feel sick. The hornet barely misses you.
Something stings your inugami but does no damage.
Unknown command.
Blink to where?
Press: ? - help, Dir - move target
As you read the scroll of blinking, it crumbles to dust.
* * * LOW HITPOINT WARNING * * *
You feel sick.
Your inugami barely misses the scorpion.
The scorpion barely misses your inugami.
Okay, then.
* * * LOW HITPOINT WARNING * * *
You feel sick.
* * * LOW HITPOINT WARNING * * *
You feel sick. Magic courses through your body.
* * * LOW HITPOINT WARNING * * *
You feel sick.
You die...

#h##.......###
#y######.###
#ยง# ... #5#
.#.# #.# ...
####.# #.5..#
#.#### #@#
##.# #..#
#.############
#.##.<.......#
#.##.#.#####.#
#.##.#.#
#......#
####.#.#


You could see a friendly cerulean imp (summoned).

Vanquished Creatures
  A hound (D:4)
  3 adders
  2 dart slugs (D:2)
  4 orcs
  3 endoplasms
  3 goblins
  2 hobgoblins (D:2)
  2 quokkas
  2 ball pythons (D:2)
  2 bats
  2 frilled lizards
  3 rats
29 creatures vanquished.

Vanquished Creatures (collateral kills)
  2 ogres (D:4)
  A scorpion (D:5)
  A bombardier beetle (D:5)
  An orc priest (D:4)
  4 gnolls (D:3)
  2 ufetubi (D:3)
  A dart slug (D:1)
  2 ribbon worms
  5 orcs
  2 ball pythons
  5 bats
  6 endoplasms
  4 goblins
  3 hobgoblins
  9 jackals
  2 quokkas
  4 kobolds
  5 rats
59 creatures vanquished.

Grand Total: 88 creatures vanquished

Notes
Turn   | Place    | Note
-------+----------+-------------------------------------------
     0 | D:1      | Gabide the Demigod Summoner began the quest for the Orb.
     0 | D:1      | Reached XP level 1. HP: 14/14 MP: 5/5
   340 | D:1      | Reached XP level 2. HP: 22/22 MP: 2/7
   392 | D:1      | Learned a level 2 spell: Call Imp
  1266 | D:2      | Reached XP level 3. HP: 27/27 MP: 5/8
  1333 | D:2      | Reached skill level 1 in Fighting
  1660 | D:2      | Learned a level 3 spell: Call Canine Familiar
  2554 | D:3      | Reached skill level 4 in Summonings
  2699 | D:3      | Reached XP level 4. HP: 12/35 MP: 8/10
  3224 | D:4      | Noticed an ogre
  3236 | D:4      | Killed an ogre
  3237 | D:4      | Reached XP level 5. HP: 41/41 MP: 7/12
  3925 | D:4      | Reached XP level 6. HP: 47/50 MP: 9/13
  4229 | D:5      | Entered Level 5 of the Dungeon
  4274 | D:5      | Reached skill level 5 in Summonings
  4457 | D:5      | Noticed a hornet
  4474 | D:5      | HP: 2/51 [poisoned by a scorpion]
  4477 | D:5      | Succumbed to a scorpion's poison

Illustrated notes

Levels and vault maps discovered:
D:1:      lightli_arrival_statue_moat, layout_basic
D:2:      layout_loops_corners, dreamdust_ecumenical_altar_grove,
          serial_co_window_serial, co_window_paths_b, co_window_paths_a,
          co_window_corner_a, co_window_corner_a, co_window_cross_1,
          co_window_unsneaky_path_d, co_window_paths_c, co_window_corner_b,
          co_window_unsneaky_path_e, co_window_paths_e, glass_columns_b
D:3:      layout_rooms
D:4:      layout_loops_ring
D:5:      cheibrodos_fzero, layout_loops_cross,
          gammafunk_temple_overflow_forgotten, serial_glass, glass_columns_a,
          glass_columns_a

Skill      XL: |  1  2  3  4  5  6 |
---------------+-------------------+-----
Stealth        | 2 3 |  3.0
Dodging        | 2 3 |  3.0
Spellcasting   | 2 3 |  3.0
Fighting       | 1 2 3 |  3.0
Summonings     | 4 5 |  5.3

Action                     |  1- 3 |  4- 6 || total
---------------------------+-------+-------++-------
  Melee: Unarmed           |    43 |       ||    43
         Punch             |     2 |     1 ||     3
         Short sword       |    45 |       ||    45
         Spear             |    51 |    92 ||   143
   Cast: Summon Small Mamm |    13 |    12 ||    25
         Call Imp          |    31 |     8 ||    39
         Call Canine Famil |     1 |    13 ||    14
    Use: Scroll            |     3 |     5 ||     8
         Potion            |       |     4 ||     4
   Stab: Distracted        |     1 |     3 ||     4
         Sleeping          |     1 |     2 ||     3
 Armour: Robe              |    91 |    51 ||   142
  Dodge: Dodged            |   105 |    60 ||   165
